 Dungeon Crawl Stone Soup version 0.24-a0-584-g9d6b971ae4 (webtiles) character file.

Game seed: 14240675343979396425, levelgen mode: deterministic

1 EnegeticOcto the Charlatan (level 1, 0/15 HPs)
             Began as a Demonspawn Artificer on Sept 1, 2019.
             Slain by a hobgoblin
             ... wielding a +0 club
              (3 damage)
             ... on level 1 of the Dungeon.
             The game lasted 00:00:28 (151 turns).

EnegeticOcto the Charlatan (Demonspawn Artificer)    Turns: 151, Time: 00:00:29

Health: 0/15       AC:  3    Str: 12    XL:     1   Next: 16%
Magic:  3/3        EV: 12    Int: 12    God:
Gold:   17         SH:  0    Dex: 13    Spells: 0/0 levels left

rFire    . . .     SeeInvis .   a - +0 short sword
rCold    . . .     Gourm    .   (no shield)
rNeg     . . .     Faith    .   b - +0 leather armour
rPois    .         Spirit   .   (no helmet)
rElec    .         Reflect  .   (no cloak)
rCorr    .         Harm     .   (no gloves)
MR       .....                  (no boots)
Stlth    +.........             (no amulet)
HPRegen  0.05/turn              (no ring)
MPRegen  0.08/turn              (no ring)

@: no status effects
A: no striking features
a: no special abilities


You were on level 1 of the Dungeon.
You were not hungry.

You visited 1 branch of the dungeon, and saw 1 of its levels.

You collected 17 gold pieces.

Inventory:

Hand Weapons
 a - a +0 short sword (weapon)
Armour
 b - a +0 leather armour (worn)
Wands
 c - a wand of flame (15)
 d - a wand of enslavement (15)
 f - a wand of random effects (15)
Scrolls
 g - a scroll of amnesia {unknown}
Comestibles
 e - 2 rations


   Skills:
 + Level 1.2 Fighting
 - Level 0.8 Short Blades
 - Level 1.7 Dodging
 - Level 0.8 Stealth
 - Level 3.0 Evocations


You couldn't memorise any spells.
You didn't know any spells.
Your spell library was empty.

Dungeon Overview and Level Annotations

Branches:
Dungeon (1/15)

Altars:


Message History

e - a ration;
f - a wand of random effects (15) Welcome, EnegeticOcto the Demonspawn Artificer.
It is said that the Orb of Zot exists deep within this dungeon.
Press ? for a list of commands and other information.
Found a staircase leading out of the dungeon.
You open the door.
There is an open door here.
Found 17 gold pieces.
A rat comes into view.
The rat barely misses you.
You hit the rat.
You kill the rat!
No target in view!
No target in view!
No target in view!
No target in view!
No target in view!
You now have 17 gold pieces.
You open the door.
A bat comes into view.
Found a scroll labeled SICOF TUOTECK.
There is an open door here.
You barely miss the bat. The bat hits you but does no damage. x3
You closely miss the bat. The bat hits you. The bat barely misses you.
The bat barely misses you.
You completely miss the bat. The bat closely misses you.
You closely miss the bat. The bat hits you but does no damage.
You closely miss the bat. The bat hits you but does no damage.
The bat hits you but does no damage. The bat hits you but does no damage.
You hit the bat.
The bat is moderately wounded.
The bat misses you. The bat hits you but does no damage.
The bat hits you but does no damage. The bat barely misses you.
The bat hits you. The bat barely misses you. The bat barely misses you.
You see here a scroll labeled SICOF TUOTECK.
You closely miss the bat. The bat hits you but does no damage.
You barely miss the bat. The bat closely misses you.
You barely miss the bat. The bat closely misses you.
The bat closely misses you.
You barely miss the bat. The bat hits you but does no damage.
You hit the bat.
You kill the bat!
No target in view!
No target in view!
No target in view!
No target in view!
No target in view!
No target in view!
No target in view!
HP restored.
g - a scroll labeled SICOF TUOTECK You open the door.
There is an open door here.
Found a stone staircase leading down.
e - 2 rations (gained 1)
You open the door.
A frilled lizard and a hobgoblin come into view.
The hobgoblin shouts!
The frilled lizard hisses angrily.
Found 10 gold pieces and a fizzy green potion.
You barely miss the hobgoblin. The hobgoblin hits you with a +0 club.
You hit the hobgoblin but do no damage. The hobgoblin closely misses you.
You barely miss the hobgoblin. The hobgoblin hits you with a +0 club.
You hit the hobgoblin.
The hobgoblin is severely wounded.
The hobgoblin hits you with a +0 club.
You are too injured to fight recklessly!
You are too injured to fight recklessly!
You are too injured to fight recklessly!
You are too injured to fight recklessly!
You are too injured to fight recklessly!
You are too injured to fight recklessly!
You hit the hobgoblin.
The hobgoblin is almost dead.
The frilled lizard hisses.
The hobgoblin hits you with a +0 club.
You barely miss the hobgoblin.
The hobgoblin is almost dead.
The hobgoblin hits you with a +0 club.
You hit the hobgoblin but do no damage.
The hobgoblin is almost dead.
The hobgoblin hits you with a +0 club.
* * * LOW HITPOINT WARNING * * *
There is an open door here.
There is an open door here.
You barely miss the hobgoblin.
The hobgoblin is almost dead.
The hobgoblin hits you with a +0 club.
You die...

#.# #....# #.###....#
##.##.....#
#####...#.#...# +#
...........#+#####.####
#####...#..............
##.##.###.#########
#.##..##.#....#
#@######.#..8.# ##g##
#.'..<.# ##..l##
###..8.# ##.....##
#....# ##.......##
########
#.........####...##.##
+.........'...........
#.........####...##.##
##.......## ##.....#


You could see a hobgoblin and a frilled lizard.

Vanquished Creatures
  A bat (D:1)
  A rat (D:1)
2 creatures vanquished.

Notes
Turn   | Place    | Note
-------+----------+-------------------------------------------
     0 | D:1      | EnegeticOcto the Demonspawn Artificer began the quest for
                  | the Orb.
     0 | D:1      | Reached XP level 1. HP: 15/15 MP: 3/3
   151 | D:1      | Slain by a hobgoblin

Levels and vault maps discovered:
D:1:      dpeg_arrival_renting, layout_loops_corners

Action                   || total
-------------------------++-------
Melee: Short sword       ||    20
Armor: Leather armour    ||    11
Dodge: Dodged            ||    12

Table legend:
 A = Non-vault XP
 B = Vault XP
 C = Vault XP percentage of total XP
 D = Non-vault monster count
 E = Vault monster count
 F = Vault count percentage of total count
                 A         B        C        D         E       F
            +---------+---------+-------+---------+---------+-------
      Total |       2 |       0 |   0.0 |       2 |       0 |   0.0
            +---------+---------+-------+---------+---------+-------
        D:1 |       2 |       0 |   0.0 |       2 |       0 |   0.0
            +---------+---------+-------+---------+---------+-------
